 Dungeon Crawl Stone Soup version 0.23.2-1-ga50397a6bc (webtiles) character file.

Game seed: 3899374559612498815

426 MisterOstroum the Spear-Bearer (level 6, -2/49 HPs)
             Began as a Merfolk Skald on Apr 26, 2019.
             Slain by a gnoll
             ... wielding a +0 club
              (5 damage)
             ... on level 4 of the Dungeon.
             The game lasted 00:15:50 (5686 turns).

MisterOstroum the Spear-Bearer (Merfolk Skald)      Turns: 5686, Time: 00:15:51

Health: -2/49      AC:  3    Str: 12    XL:     6   Next: 97%
Magic:  2/9        EV: 13    Int: 14    God:
Gold:   118        SH:  0    Dex: 13    Spells: 8/9 levels left

rFire    . . .     SeeInvis .   a - +0 spear
rCold    . . .     Gourm    .   (no shield)
rNeg     . . .     Faith    .   b - +0 leather armour
rPois    .         Spirit   .   (no helmet)
rElec    .         Reflect  .   (no cloak)
rCorr    .         Harm     .   (no gloves)
MR       .....                  (no boots)
Stlth    +.........             (no amulet)
HPRegen  0.16/turn              (no ring)
MPRegen  0.11/turn              (no ring)

@: infused
A: change form in water, swift swim, stealthy swim
a: no special abilities


You were on level 4 of the Dungeon.
You were not hungry.

You visited 1 branch of the dungeon, and saw 4 of its levels.

You collected 118 gold pieces.

Inventory:

Hand Weapons
 a - a +0 spear (weapon)
 c - a +0 hunting sling
 i - a +1 dagger of venom
Missiles
 d - 11 poisoned needles
 k - 19 stones (quivered)
 r - 28 sling bullets
Armour
 b - a +0 leather armour (worn)
 s - a +0 helmet
Jewellery
 h - an uncursed ring of fire {unknown}
Scrolls
 f - a scroll of amnesia {unknown}
 g - 7 scrolls of identify {unknown}
 l - 3 scrolls of teleportation {unknown}
 n - a scroll of enchant weapon {unknown}
 o - 2 scrolls of remove curse {unknown}
 p - 2 scrolls of blinking {unknown}
 q - a scroll of fog {unknown}
 u - a scroll of immolation {unknown}
 v - 2 scrolls of enchant armour {unknown}
Potions
 j - a potion of mutation {unknown}
 m - 2 potions of haste {unknown}
 t - a potion of agility {@q5 !q}
Comestibles
 e - 5 rations


   Skills:
 + Level 4.5 Fighting
 * Level 8.0 Polearms
 - Level 0.9 Armour
 - Level 3.1 Dodging
 - Level 2.1 Spellcasting
 - Level 4.0 Charms


You had 8 spell levels left.
You knew the following spells:

 Your Spells              Type           Power        Failure   Level  Hunger
a - Infusion              Chrm           ##..         6%          1    #......

Your spell library contained the following spells:

 Spells                   Type           Power        Failure   Level  Hunger
 Song of Slaying          Chrm           ##......     9%          2    ###....
 Shroud of Golubria       Chrm/Tloc      #.........   21%         2    ###....
 Regeneration             Chrm/Necr      #.........   36%         3    ###....
 Spectral Weapon          Hex/Chrm       #.......     36%         3    ###....


Dungeon Overview and Level Annotations

Branches:
Dungeon (4/15)
 Temple: D:4-7

Altars:

Annotations:
D:3 Sigmund


Message History

k - 17 stones (gained 1)
k - 18 stones (gained 1)
Found a stone staircase leading down.
k - 19 stones (gained 1)
You now have 118 gold pieces (gained 6).
There is a stone staircase leading down here.
A worm comes into view.
A worm is nearby! 2 gnolls come into view.
A gnoll is wielding a +1 halberd of venom.
The gnoll shouts!
You hear a shout!
The gnoll shouts!
A gnoll comes into view. It is wielding a +0 club.
A gnoll comes into view. It is wielding a +0 whip.
The gnoll shouts!
Attack whom?
Press: ? - help, Dir - move target cursor, f - worm
Aim: a worm You reach to attack!
You hit the worm.
The worm is moderately wounded.
You hit the worm.
The worm is moderately wounded.
You barely miss the worm.
The worm is moderately wounded.
The gnoll misses you.
You hit the worm.
The worm is heavily wounded.
The worm barely misses you.
The gnoll hits you from afar with a +1 halberd of venom!
You are poisoned.
You barely miss the worm.
The worm is heavily wounded.
You feel sick.
You barely miss the worm.
The worm is heavily wounded.
You feel sick. The worm bites you! The gnoll misses you.
You hit the worm.
The worm is severely wounded.
You feel sick.
You barely miss the worm.
The worm is severely wounded.
The worm misses you.
You feel sick.
You feel sick.
You feel sick.
You feel sick.
You feel sick.
You feel sick.
You feel sick.
You feel sick.
You feel sick.
You feel sick.
You feel sick.
You see here a howler monkey corpse.
You feel sick.
There is a stone staircase leading up here.
You climb upwards.
Level annotation: Sigmund Sigmund says, "Don't worry, I'll kill you fast."
There is a stone staircase leading down here.
You start resting.
You feel sick.
You are no longer poisoned.
You climb downwards.
The gnoll hits you with a +0 whip!
* * * LOW HITPOINT WARNING * * *
There is a stone staircase leading up, spattered with blood here.
Casting: Infusion (safe; 6% risk of failure)
Confirm with . or Enter, or press ? or * to list all spells.
You begin infusing your attacks with magical energy.
The gnoll hits you with a +0 whip.
* * * LOW HITPOINT WARNING * * *
You hit the gnoll.
The gnoll is lightly wounded.
The gnoll hits you with a +0 whip.
* * * LOW HITPOINT WARNING * * *
You hit the gnoll.
The gnoll is heavily wounded.
The gnoll misses you.
Okay, then.
You hit the gnoll.
The gnoll is severely wounded.
You hit the gnoll.
You kill the gnoll!
You hit the gnoll.
The gnoll is heavily wounded.
You closely miss the gnoll.
The gnoll is heavily wounded.
The gnoll closely misses you.
You closely miss the gnoll.
The gnoll is heavily wounded.
The gnoll closely misses you.
You barely miss the gnoll.
The gnoll is heavily wounded.
You hit the gnoll!
You kill the gnoll!
Your Polearms skill increases to level 8!
You closely miss the gnoll. The gnoll closely misses you.
You barely miss the gnoll. You hit the gnoll.
The gnoll is moderately wounded.
The gnoll hits you with a +0 club.
You die...

..# #.#
#.# #(#
##.##
... #.#
#@# ...
#g# ..#
#.# ..#
#.# ..
#.# .g
#w# g#
#g# g#
#.#
w######
#.#


You could see a worm and 2 gnolls.

Vanquished Creatures
  A phantom (D:4)
  A howler monkey (D:4)
  An orc wizard (D:2)
  A gnoll shaman (D:3)
  Robin (D:2)
  7 adders
  10 gnolls
  An ooze (D:3)
  A worm (D:2)
  2 dart slugs (D:1)
  3 leopard geckos
  2 orcs (D:3)
  A giant cockroach (D:2)
  14 goblins
  4 hobgoblins
  8 jackals
  2 quokkas
  3 bats
  3 kobolds
  6 rats
72 creatures vanquished.

Notes
Turn   | Place    | Note
-------+----------+-------------------------------------------
     0 | D:1      | MisterOstroum the Merfolk Skald began the quest for the
                  | Orb.
     0 | D:1      | Reached XP level 1. HP: 16/16 MP: 3/3
     6 | D:1      | Noticed a swamp drake
     6 | D:1      | Noticed an anaconda
     6 | D:1      | Noticed a killer bee
     6 | D:1      | Noticed a black bear
    20 | D:1      | Reached XP level 2. HP: 15/23 MP: 5/5
  1198 | D:2      | Reached XP level 3. HP: 14/28 MP: 3/6
  1577 | D:2      | Reached skill level 4 in Polearms
  1802 | D:2      | Reached XP level 4. HP: 6/34 MP: 0/7
  2763 | D:2      | Reached skill level 5 in Polearms
  2771 | D:1      | Reached XP level 5. HP: 8/41 MP: 1/8
  3335 | D:3      | Noticed Sigmund
  3733 | D:3      | Noticed Robin
  4126 | D:2      | Reached skill level 6 in Polearms
  4740 | D:2      | Killed Robin
  4907 | D:3      | Found a faded altar of an unknown god.
  4928 | D:3      | Reached XP level 6. HP: 22/48 MP: 0/9
  5372 | D:4      | Noticed a phantom
  5407 | D:4      | Killed a phantom
  5407 | D:4      | Reached skill level 7 in Polearms
  5675 | D:4      | HP: 2/49 [gnoll/+0 whip (5)]
  5683 | D:4      | Reached skill level 8 in Polearms
  5686 | D:4      | Slain by a gnoll

Skill      XL: |  1  2  3  4  5  6 |
---------------+-------------------+-----
Dodging        | 3 |  3.1
Polearms       | 4 5 6 8 |  8.0
Fighting       | 3 4 |  4.5
Charms         | 4 |  4.0
Armour         | |  0.9
Spellcasting   | |  2.1

Action                   |  1- 3 |  4- 6 || total
-------------------------+-------+-------++-------
Melee: Spear             |   132 |   314 ||   446
Throw: Stone             |     2 |    17 ||    19
 Cast: Infusion          |     4 |    12 ||    16
  Use: Potion            |     1 |     3 ||     4
 Stab: Sleeping          |     1 |       ||     1
  Eat: Chunk             |     3 |     7 ||    10
       Ration            |       |     2 ||     2
Armor: Leather armour    |    25 |    40 ||    65
Dodge: Dodged            |    79 |   153 ||   232
